 Dungeon Crawl Stone Soup version 0.27.0-1-g7a089689b8 (webtiles) character file.

Game seed: 15499723552277100376

96 Dann the Shield-Bearer (level 4, -3/40 (44) HPs)
             Began as a Troll Fighter on Aug 9, 2021.
             Slain by Crazy Yiuf (15 damage)
             ... on level 2 of the Dungeon.
             The game lasted 00:04:15 (1964 turns).

Dann the Shield-Bearer (Troll Fighter)              Turns: 1964, Time: 00:04:15

HP:   -3/40 (44)    AC:  4    Str: 25    XL:     4   Next: 41%
MP:   12/12         EV:  6    Int:  4    God:
Gold: 51            SH: 14    Dex:  9    Spells: 3/3 levels left

rFire    . . .     SeeInvis .   i - +0 long sword
rCold    . . .     Faith    .   h - +0 tower shield
rNeg     . . .     Spirit   .   a - +0 robe
rPois    .         Reflect  .   (helmet restricted)
rElec    .         Harm     .   (no cloak)
rCorr    .         Rampage  .   (gloves unavailable)
Will     .....                  (boots unavailable)
Stlth    +.........             (no amulet)
HPRegen  1.13/turn              o - ring of magical power
MPRegen  0.13/turn              (no ring)

@: drained
A: large, unfitting armour, claws 3, regeneration 1, shaggy fur 1, tough skin 1
a: no special abilities


You were on level 2 of the Dungeon.
You visited 1 branch of the dungeon, and saw 2 of its levels.

You collected 51 gold pieces.

Inventory:

Hand Weapons
 i - a +0 long sword (weapon)
Armour
 a - a +0 robe (worn)
 b - a +0 kite shield
 h - a +0 tower shield (worn)
Jewellery
 o - a ring of magical power (left claw)
Scrolls
 e - a scroll of acquirement {unknown}
 k - a scroll of torment {unknown}
 n - a scroll of amnesia {unknown}
Potions
 c - a potion of might
 d - a potion of curing {unknown}
 f - a potion of mutation {unknown}
 g - a potion of flight {unknown}
 j - 2 potions of haste {unknown}
 l - a potion of heal wounds {unknown}
 m - a potion of lignification {unknown}


   Skills:
 + Level 2.8 Fighting
 + Level 0.3 Long Blades
 * Level 0.7 Armour
 + Level 2.8 Dodging
 + Level 0.2 Stealth
 + Level 3.1 Shields
 + Level 2.6 Unarmed Combat


You had 3 spell levels left.
You didn't know any spells.
Your spell library contained the following spells:

 Spells                   Type           Power      Damage    Failure   Level
 Shock                    Conj/Air       0%         1d3       100%        1
 Swiftness                Air            0%         N/A       100%        3
 Airstrike                Air            0%         N/A       100%        4


Dungeon Overview and Level Annotations

Branches:
Dungeon (2/15)

Altars:

Annotations:
D:2 Crazy Yiuf


Innate Abilities, Weirdness & Mutations

You are too large for most types of armour.
You have claws for hands.
Your natural rate of healing is unusually fast.
You are covered in fur. (AC +1)
You have tough skin. (AC +1)


Message History

The fungus is lightly damaged.
You slash the fungus!
The fungus is lightly damaged.
A nearby fungus withers and dies.
You hit the fungus but do no damage. You hit the fungus but do no damage.
You hit the fungus.
The fungus begins to die.
The fungus is lightly damaged.
You slash the fungus!
The fungus is lightly damaged.
You hit the fungus.
The fungus is lightly damaged.
A nearby fungus withers and dies.
Found two maces.
Found a runed translucent door.
You see here a +0 mace.
Crazy Yiuf shouts!
Found a mace.
Found two maces.
You see here a +0 mace.
You open the door. You hit Crazy Yiuf.
Crazy Yiuf is lightly wounded.
Crazy Yiuf hits you with a +4 quarterstaff of chaos!
You feel drained. You block Crazy Yiuf's attack.
You hit Crazy Yiuf but do no damage.
Crazy Yiuf is lightly wounded.
You block Crazy Yiuf's attack. x2
Your shield prevents you from hitting Crazy Yiuf.
Crazy Yiuf is lightly wounded.
You block Crazy Yiuf's attack.
You completely miss Crazy Yiuf.
Crazy Yiuf is lightly wounded.
Crazy Yiuf hits you with a +4 quarterstaff of chaos!
You feel drained.
* * * LOW HITPOINT WARNING * * *
You block Crazy Yiuf's attack.
You slash Crazy Yiuf!
Crazy Yiuf is heavily wounded.
Crazy Yiuf hits you with a +4 quarterstaff of chaos!
You die...

.#...[...##
#.#.##.#.#
.##.....##
##########
.###...## .#
##'## ##### ##
#.# #).)# #.#
#)).# ####.##
... ##.....###
#g#
)..#.....###
♣♣@♣
##.........#
♣.♣♣
#........###
♣♣.♣ #.###.#.##
♣)♣♣ #.# #...#
♣♣.♣ #.###.###
♣).♣♣♣ #.....#
♣P.PP♣
#####.######
#....#
#......####..##


You could see Crazy Yiuf.

Vanquished Creatures
  4 adders (D:2)
  3 dart slugs (D:2)
  5 ball pythons
  5 endoplasms
  3 giant cockroaches
  4 goblins
  5 hobgoblins
  2 jackals (D:1)
  4 kobolds
  2 quokkas (D:1)
  6 bats
  3 frilled lizards
  6 rats
52 creatures vanquished.

Vanquished Creatures (others)
  2 fungi (D:2)
  11 plants (D:2)
  8 withered plants (D:2)
21 creatures vanquished.

Grand Total: 73 creatures vanquished

Notes
Turn   | Place    | Note
-------+----------+-------------------------------------------
     0 | D:1      | Dann the Troll Fighter began the quest for the Orb.
     0 | D:1      | Reached XP level 1. HP: 22/22 MP: 0/0
   106 | D:1      | Reached XP level 2. HP: 29/29 MP: 1/1
   689 | D:1      | Reached XP level 3. HP: 36/36 MP: 2/2
  1169 | D:2      | Reached XP level 4. HP: 44/44 MP: 3/3
  1233 | D:2      | Reached skill level 3 in Shields
  1282 | D:2      | Found a faded altar of an unknown god.
  1955 | D:2      | Found a runed translucent door.
  1956 | D:2      | Noticed Crazy Yiuf
  1964 | D:2      | Slain by Crazy Yiuf

Illustrated notes

Levels and vault maps discovered:
D:1:      dpeg_arrival_rooms_a, layout_loops_corners
D:2:      layout_loops_corners, shapermc_ecumenical_altar_flowoftime,
          st_stairs_2, minmay_misc_feat_square, kennysheep_doodads,
          uniq_crazy_yiuf_cottage

Skill      XL: |  1  2  3  4 |
---------------+-------------+-----
Shields        | 3 |  3.1
Fighting       | |  2.8
Long Blades    | |  0.3
Armour         | |  0.7
Dodging        | |  2.8
Stealth        | |  0.2
Unarmed Combat | |  2.6

Action                   |  1- 3 |  4- 6 || total
-------------------------+-------+-------++-------
Melee: Unarmed           |    66 |       ||    66
       Long sword        |    57 |    75 ||   132
 Stab: Sleeping          |     4 |       ||     4
Armor: Robe              |    38 |     7 ||    45
Dodge: Dodged            |    45 |     5 ||    50
Block: Kite shield       |    16 |       ||    16
       Tower shield      |    79 |    28 ||   107
       Rpst.: Long sword |     7 |     1 ||     8
